 Dungeon Crawl Stone Soup version 0.26.0-11-g8f856b5395 (webtiles) character file.

Game seed: 12018477767637118740

128801 hatsuma the Severer (level 16, 0/152 HPs)
             Began as a Minotaur Berserker on Jan 13, 2021.
             Was the Champion of Trog.
             Slain by an eight-headed hydra (2 damage)
             ... called by a spriggan druid
             ... on level 3 of the Swamp on Jan 15, 2021.
             The game lasted 03:34:13 (24731 turns).

hatsuma the Severer (Minotaur Berserker)           Turns: 24731, Time: 03:34:14

Health: 0/152      AC: 16    Str: 24    XL:     16   Next: 49%
Magic:  8/15       EV: 20    Int:  4    God:    Trog [******]
Gold:   1848       SH:  0    Dex: 15    Spells: 15/15 levels left

rFire    + + .     SeeInvis +   a - +13 battleaxe of the Harvest {flame, rF+}
rCold    + + .     Faith    .   (shield currently unavailable)
rNeg     . . .     Spirit   .   o - +0 swamp dragon scales
rPois    +         Reflect  .   q - +0 hat {Will+}
rElec    .         Harm     .   u - scarf {rC+ rF+}
rCorr    .         Rampage  .   y - +0 pair of gloves
Will     ++++.                  c - +1 pair of boots {Stlth+}
Stlth    ++++......             v - amulet of regeneration
HPRegen  1.75/turn              B - ring of see invisible
MPRegen  0.14/turn              R - ring of protection from cold

@: lethally poisoned (0 -> 0), berserk cooldown, regenerating, slowed, very slow
A: retaliatory headbutt, horns 2
a: Renounce Religion, Berserk, Trog's Hand, Brothers in Arms


You were on level 3 of the Swamp.
You worshipped Trog.
Trog was exalted by your worship.
You visited 4 branches of the dungeon, and saw 26 of its levels.

You collected 2309 gold pieces.
You spent 461 gold pieces at shops.

Inventory:

Hand Weapons
 a - the +13 battleaxe of the Harvest (weapon) {flame, rF+}
   (Trog gifted it to you on level 1 of the Orcish Mines)

   It has been specially enchanted to burn those struck by it, causing extra
   injury to most foes and up to half again as much damage against particularly
   susceptible opponents.
   Big, fiery blades are also staple armaments of hydra-hunters.
   It protects you from fire.
 b - a +8 antimagic battleaxe
Missiles
 l - 184 sling bullets
Armour
 c - a +1 pair of boots of stealth (worn)
 o - +0 swamp dragon scales (worn)
 p - a +0 plate armour
 q - a +0 hat of willpower (worn)
 u - a scarf of resistance (worn)
 y - a +0 pair of gloves (worn)
 I - the +0 cloak of Parlour Games {Harm Str+3 Int+4}
   (You found it on level 1 of the Swamp)

   It affects your strength (+3).
   It affects your intelligence (+4).
   It increases damage dealt and taken.
Jewellery
 h - an uncursed ring of stealth
 v - an amulet of regeneration (around neck)
 B - a ring of see invisible (left hand)
 R - a ring of protection from cold (right hand)
 Y - a +6 ring of intelligence
Wands
 w - a wand of random effects (104)
 C - a wand of acid (7)
 E - a wand of iceblast (20)
 N - a wand of enslavement (8)
 O - a wand of digging (2)
 U - a wand of polymorph (7)
 V - a wand of flame (60)
 X - a wand of paralysis (20)
Scrolls
 i - 5 scrolls of remove curse
 j - 8 scrolls of enchant armour
 k - 2 scrolls of magic mapping
 r - 10 scrolls of teleportation
 t - 2 scrolls of blinking
 D - 5 scrolls of vulnerability
 F - 3 scrolls of silence {unknown}
 G - 3 scrolls of fog
 H - a scroll of summoning {unknown}
 K - a scroll of holy word {unknown}
 L - 2 scrolls of immolation
 S - 3 scrolls of fear
Potions
 d - 3 potions of mutation
 e - 21 potions of curing
 f - 4 potions of attraction
 g - 2 potions of berserk rage
 n - 2 potions of resistance
 z - 2 potions of lignification
 A - 8 potions of cancellation
 J - a potion of flight
 Q - 2 potions of haste
 W - 2 potions of might
 Z - 2 potions of invisibility
Miscellaneous
 m - a tin of tremorstones (2/2)
 x - a box of beasts


   Skills:
 - Level 16.5 Fighting
 - Level 20.0 Axes
 - Level 1.2 Slings
 - Level 15.0 Armour
 - Level 12.9 Dodging
 + Level 6.6 Stealth
 - Level 6.0 Evocations


You had 15 spell levels left.
You didn't know any spells.
Your spell library was empty.

Dungeon Overview and Level Annotations

Branches:
Dungeon (15/15) Temple (0/1) D:6 Lair (6/6) D:10 Swamp (3/4) Lair:2 Snake (0/4) Lair:4 Slime (0/5) Lair:6 Orc (2/2) D:9 Elf (0/3) Orc:2 Vaults (0/5) D:12 D:13 Depths (0/5) D:15

Altars:
Ashenzari
Cheibriados
Gozag
Kikubaaqudgha
Makhleb
Trog
Uskayaw
Wu Jian
Xom
Zin
The Shining One

Shops:
D:4 ((:(   D:5 [   D:7 [   D:10 *   D:12 }   Orc:2 [!**=

Portals:
Abyss: D:14 Swamp:2

Annotations:
D:5 1 runed translucent door, Crazy Yiuf
D:6 1 runed translucent door, Woodmanan's ghost, novice OpTm
D:14 2 transporters, Jiolyugh's ghost, journeyman GrEE
Lair:6 exclusion: oklob plant
Swamp:1 1 runed translucent door, KCGemini's ghost, journeyman FeBe
Swamp:2 2 transporters, Ychix's ghost, journeyman GnSk
Orc:1 3 runed translucent doors, Rygut's ghost, journeyman DrFi


Innate Abilities, Weirdness & Mutations

You reflexively headbutt those who attack you in melee.
You have a pair of horns on your head.


Message History

You fall into the shallow water.
Moving in this stuff is going to be slow.
As you read the scroll of blinking, it crumbles to dust.
An eight-headed hydra comes into view.
You feel sick.
The eight-headed hydra roars!
A root lunges up near you.
The spriggan druid calls out to the beasts of the wild!
A goliath frog comes into view.
The eight-headed hydra completely misses you.
The eight-headed hydra barely misses you.
The eight-headed hydra misses you. The eight-headed hydra bites you.
* * * LOW HITPOINT WARNING * * *
The eight-headed hydra bites you!
* * * LOW HITPOINT WARNING * * *
The eight-headed hydra bites you!
* * * LOW HITPOINT WARNING * * *
The eight-headed hydra completely misses you.
The eight-headed hydra bites you.
You die...

♣..♣ #.≈≈≈≈≈.♣ ♣......≈.≈.
#♣#≈##♣♣#♣♣#♣≈.≈≈≈.♣ ♣?≈≈≈..≈...
≈≈[.≈≈≈≈≈≈§≈♣♣♣.≈.♣♣ ≈≈≈...≈≈..≈
.[.†♣♣♣♣♣♣♣♣♣♣.§.♣♣ ♣≈≈≈....♣.≈
♣..♣♣ ♣♣♣.≈≈≈♣♣♣♣♣♣F≈..≈≈≈≈≈≈
♣.≈(♣ ♣.≈≈.≈♣♣♣......<.≈≈≈≈..
...≈♣♣♣♣♣♣♣.≈>≈♣♣≈§≈≈§≈≈....≈≈.♣
...♣D♣.♣.♣♣♣§≈≈w.§≈≈≈≈§≈<.....♣
.≈..≈≈w...♣≈..♣♣@D....≈≈≈.≈♣♣♣♣
..≈..♣≈...♣.≈.♣♣♣♣♣≈......≈♣
..≈♣♣♣...≈i.§.♣ ♣≈.......♣ ≈.♣♣
♣♣.≈.♣≈.♣♣ ♣≈≈≈≈♣...♣ ♣♣♣
♣♣♣♣♣♣♣♣ ♣≈≈.♣♣♣♣≈♣ ♣..≈♣ ♣♣
♣♣♣♣♣


You could see an eight-headed hydra, a goliath frog (wandering) and a swamp
worm.

Vanquished Creatures
  Rupert (D:12)
  Gastronok (Lair:2)
  Roxanne (Swamp:2)
  2 fenstrider witches
  A frost giant (D:15)
  Nessos (D:13)
  2 bunyips (Swamp:1)
  Josephine (Lair:5)
  2 eleionomae (Swamp:3)
  Fannar (Orc:1)
  4 ogre magi (Orc:2)
  16 hydras
  Erica (Orc:1)
  Harold (Lair:1)
  4 boulder beetles
  An anaconda (Swamp:2)
  4 centaur warriors
  21 two-headed ogres
  4 alligators (Swamp:2)
  3 death yaks (Lair:6)
  Urug (D:12)
  Nergalle (Lair:1)
  9 spriggans
  2 goliath frogs (Swamp:1)
  4 skeletal warriors (D:15)
  A spriggan druid (Swamp:2)
  3 unseen horrors
  Pikel (D:4)
  A bog body (Swamp:1)
  5 swamp dragons
  2 lindwurms
  An orange crystal statue (D:12)
  3 orc knights
  A deep elf mage (D:15)
  An ugly thing (D:13)
  An orc sorcerer (Orc:2)
  2 cyclopes
  2 manticores
  A will-o-the-wisp (Swamp:2)
  6 elephants (Lair:5)
  6 black mambas
  2 gargoyles
  Maurice (D:13)
  21 cane toads
  An ice statue (D:12)
  Maggie (D:7)
  A rime drake (Lair:1)
  5 kobold demonologists (D:12)
  8 komodo dragons
  A yaktaur (D:15)
  A tengu conjurer (D:13)
  A polar bear (Lair:6)
  4 trolls
  14 tyrant leeches
  A harpy skeleton (D:15)
  9 hornets
  20 blink frogs
  14 slime creatures
  2 shadows (D:13)
  3 wyverns
  41 yaks
  16 humans
  4 wraiths
  5 basilisks
  A steam dragon (D:12)
  Grum (D:9)
  3 wargs (D:9)
  5 swamp worms
  13 vampire mosquitoes
  A naga (Lair:4)
  2 acid dragons
  A soldier ant (D:11)
  19 water moccasins
  Duvessa (D:6)
  13 orc warriors
  A phantom (D:8)
  4 sky beasts
  8 ice beasts
  3 black bears
  A hornet zombie (D:13)
  15 wolves
  7 centaurs
  27 ogres
  2 lemures (D:5)
  A big kobold (shapeshifter) (D:15)
  A big kobold (D:7)
  Blork the orc (D:4)
  28 bullfrogs
  A wyvern skeleton (D:6)
  Dowan (D:6)
  3 scorpions
  A vampire bat (D:6)
  4 wights (D:6)
  5 howler monkeys
  A bullfrog zombie (D:12)
  4 centaur zombies
  17 orc priests
  4 bullfrog skeletons
  7 hounds
  A jelly (D:12)
  4 centaur skeletons
  9 iguanas
  7 worker ants
  16 orc wizards
  14 hell rats
  A killer bee zombie (D:6)
  A howler monkey zombie (D:6)
  13 gnolls
  A howler monkey skeleton (D:9)
  A worker ant zombie (D:6)
  8 adders
  3 shadow imps
  A white imp (D:6)
  4 ufetubi
  An ooze (D:1)
  3 adder skeletons (D:7)
  A dart slug (D:3)
  4 worms
  6 leopard geckos
  70 orcs
  8 bats
  3 bat skeletons (D:6)
  2 bat zombies (D:6)
  4 giant cockroaches
  10 hobgoblins
  7 jackals
  10 quokkas
  A ball python (D:1)
  11 frilled lizards
  8 goblins
  21 kobolds
  4 rats
767 creatures vanquished.

Vanquished Creatures (collateral kills)
  A manticore (D:11)
  2 vampire mosquitoes (Swamp:2)
3 creatures vanquished.

Vanquished Creatures (others)
  A ghost crab (Swamp:2)
  92 fungi
  224 plants
317 creatures vanquished.

Grand Total: 1087 creatures vanquished

Notes
Turn   | Place    | Note
-------+----------+-------------------------------------------
     0 | D:1      | hatsuma the Minotaur Berserker began the quest for the Orb.
     0 | D:1      | Reached XP level 1. HP: 19/19 MP: 0/0
    25 | D:1      | Reached skill level 4 in Axes
   165 | D:1      | Reached XP level 2. HP: 16/26 MP: 1/1
   638 | D:1      | Reached skill level 5 in Axes
   702 | D:1      | Reached XP level 3. HP: 24/31 MP: 2/2
  1385 | D:2      | Reached skill level 1 in Slings
  1440 | D:2      | Reached ** piety under Trog
  1488 | D:2      | Reached XP level 4. HP: 27/39 MP: 3/3
  1630 | D:2      | Found a snail-covered altar of Cheibriados.
  1630 | D:2      | Found a bloodstained altar of Trog.
  2795 | D:4      | Found Ibyf's Antique Weapon Shop.
  2952 | D:4      | Reached skill level 6 in Axes
  2957 | D:4      | Reached XP level 5. HP: 38/46 MP: 4/4
  3139 | D:4      | Found Poupt's Antique Weapon Shoppe.
  3232 | D:4      | Reached skill level 5 in Fighting
  3302 | D:4      | Noticed a black bear
  3308 | D:4      | Killed a black bear
  3309 | D:4      | Reached skill level 7 in Axes
  3309 | D:4      | Reached XP level 6. HP: 54/56 MP: 5/5
  3315 | D:4      | Noticed Blork the orc
  3318 | D:4      | Reached *** piety under Trog
  3340 | D:4      | Killed Blork the orc
  3483 | D:4      | Found Gaupradghe's Book Shop.
  3510 | D:4      | Found Cipp's Weapon Emporium.
  3519 | D:4      | Reached XP level 7. HP: 63/63 MP: 6/6
  3728 | D:4      | Bought a war axe for 87 gold pieces
  3753 | D:5      | Entered Level 5 of the Dungeon
  3873 | D:5      | Noticed Pikel
  3905 | D:4      | Killed Pikel
  3906 | D:4      | Reached XP level 8. HP: 78/78 MP: 7/7
  4132 | D:5      | Found a runed translucent door.
  4133 | D:5      | Noticed Crazy Yiuf
  4164 | D:5      | Reached skill level 8 in Axes
  4256 | D:5      | Reached skill level 1 in Evocations
  4472 | D:5      | Found Kauruoh's Antique Armour Shoppe.
  4554 | D:5      | Found a burning altar of Makhleb.
  4554 | D:5      | Found a broken altar of Ashenzari.
  4557 | D:5      | Found an opulent altar of Gozag.
  4559 | D:5      | Found a glowing silver altar of Zin.
  4744 | D:6      | Noticed Duvessa
  4744 | D:6      | Noticed Dowan
  4748 | D:6      | Killed Dowan
  4749 | D:6      | Killed Duvessa
  4753 | D:6      | Reached skill level 9 in Axes
  4963 | D:6      | Found an ancient bone altar of Kikubaaqudgha.
  4966 | D:6      | Reached skill level 10 in Axes
  5223 | D:6      | Reached **** piety under Trog
  5224 | D:6      | Reached skill level 5 in Armour
  5224 | D:6      | Reached XP level 9. HP: 69/84 MP: 8/8
  5271 | D:6      | Found a staircase to the Ecumenical Temple.
  5428 | D:6      | Found a runed translucent door.
  5443 | D:6      | Noticed Woodmanan's ghost (novice OpTm)
  5493 | D:6      | Found an ornate altar of the Wu Jian Council.
  5612 | D:7      | Found Tyry's Antique Armour Shop.
  5828 | D:7      | Noticed Maggie
  5839 | D:7      | Killed Maggie
  5840 | D:7      | Reached skill level 11 in Axes
  6423 | D:8      | Reached ***** piety under Trog
  6456 | D:8      | Noticed a two-headed ogre
  6464 | D:8      | Killed a two-headed ogre
  6465 | D:8      | Reached skill level 12 in Axes
  6524 | D:8      | Reached XP level 10. HP: 84/91 MP: 9/9
  6950 | D:9      | Found a glowing golden altar of the Shining One.
  7021 | D:9      | Reached skill level 10 in Fighting
  7071 | D:9      | Noticed a two-headed ogre
  7078 | D:9      | Killed a two-headed ogre
  7079 | D:9      | Found a staircase to the Orcish Mines.
  7289 | D:9      | Noticed Grum
  7316 | D:9      | Killed Grum
  7506 | D:9      | Reached skill level 13 in Axes
  7580 | D:10     | Entered Level 10 of the Dungeon
  7672 | D:10     | Noticed a gargoyle
  7687 | D:10     | Killed a gargoyle
  7688 | D:10     | Reached skill level 5 in Dodging
  7689 | D:10     | Reached XP level 11. HP: 27/102 MP: 10/10
  7790 | D:10     | Found a staircase to the Lair.
  7904 | D:10     | Noticed a two-headed ogre
  7910 | D:10     | Killed a two-headed ogre
  7996 | D:10     | Found Othukk's Assorted Antiques.
  8234 | D:10     | Got a slimy falchion
  8235 | D:10     | Identified the +9 falchion of Action {pain, rElec rPois
                  | Str+6 Stlth+} (You found it on level 10 of the Dungeon)
  8296 | D:10     | Reached skill level 14 in Axes
  8593 | D:11     | Noticed a boulder beetle
  8601 | D:11     | Killed a boulder beetle
  8993 | D:11     | Got an ancient dagger
  9012 | D:11     | Noticed an unseen horror
  9029 | D:11     | Killed an unseen horror
  9030 | D:11     | Reached skill level 15 in Axes
  9068 | D:11     | Identified the +5 dagger of Usol {drain, rF+} (You found it
                  | on level 11 of the Dungeon)
  9238 | D:11     | Found an opulent altar of Gozag.
  9402 | Lair:1   | Entered Level 1 of the Lair of Beasts
  9402 | Lair:1   | Noticed Harold
  9406 | Lair:1   | Killed Harold
  9407 | Lair:1   | Reached skill level 10 in Armour
  9677 | Lair:1   | Noticed an eight-headed hydra
  9693 | Lair:1   | Killed a nine-headed hydra
  9780 | Lair:1   | Received a gift from Trog
  9932 | Lair:1   | Noticed Nergalle
  9936 | Lair:1   | Noticed a spectral orc warlord
  9947 | Lair:1   | Killed Nergalle
  9948 | Lair:1   | Reached XP level 12. HP: 113/113 MP: 3/11
 10456 | Lair:2   | Found a staircase to the Swamp.
 10548 | Lair:2   | Noticed Gastronok
 10569 | Lair:2   | Killed Gastronok
 10629 | Lair:2   | Reached skill level 16 in Axes
 11290 | Lair:3   | Noticed an eight-headed hydra
 11437 | Lair:3   | Noticed a six-headed hydra
 11443 | Lair:3   | Killed an 11-headed hydra
 11537 | Lair:3   | Killed a 12-headed hydra
 11538 | Lair:3   | Reached skill level 17 in Axes
 11824 | Lair:3   | Noticed a four-headed hydra
 11841 | Lair:3   | Killed a nine-headed hydra
 11972 | Lair:3   | Reached skill level 18 in Axes
 12256 | Lair:4   | Noticed an eight-headed hydra
 12288 | Lair:4   | Killed a ten-headed hydra
 12340 | Lair:4   | Found a staircase to the Snake Pit.
 12405 | Lair:4   | Reached XP level 13. HP: 110/119 MP: 4/12
 12527 | Lair:4   | You fall into a shaft and drop 2 floors!
 12527 | Lair:6   | Entered Level 6 of the Lair of Beasts
 12808 | Lair:6   | Reached ****** piety under Trog
 12942 | Lair:6   | Reached skill level 5 in Evocations
 12947 | Lair:6   | Received a gift from Trog
 13881 | Lair:5   | Noticed Josephine
 13976 | Lair:5   | Killed Josephine
 14316 | Lair:5   | Reached skill level 19 in Axes
 14993 | Lair:6   | Reached XP level 14. HP: 129/129 MP: 4/13
 15204 | Lair:6   | Found a hide-covered altar of Uskayaw.
 15204 | Lair:6   | Found an ornate altar of the Wu Jian Council.
 15792 | Lair:6   | Got a fine battleaxe
 15798 | Lair:6   | Got an encrusted fustibalus
 15799 | Lair:6   | Identified the +7 battleaxe of Breach {freeze, Int+6} (You
                  | found it on level 6 of the Lair of Beasts)
 15801 | Lair:6   | Identified the cursed +1 fustibalus "Paufah" {flame, +Inv
                  | rC- Int+4 Dex+2} (You found it on level 6 of the Lair of
                  | Beasts)
 16186 | Orc:1    | Entered Level 1 of the Orcish Mines
 16235 | Orc:1    | Noticed Erica
 16241 | Orc:1    | Killed Erica
 16323 | Orc:1    | Received a gift from Trog
 16331 | Orc:1    | Got a slimy battleaxe {god gift}
 16335 | Orc:1    | Identified the +13 battleaxe of the Harvest {flame, rF+}
                  | (Trog gifted it to you on level 1 of the Orcish Mines)
 16573 | Orc:1    | Found a runed translucent gate.
 16573 | Orc:1    | Found a runed translucent gate.
 16573 | Orc:1    | Found a runed translucent gate.
 16585 | Orc:1    | Noticed Rygut's ghost (journeyman DrFi)
 16585 | Orc:1    | You fall into a shaft and drop 1 floor!
 16585 | Orc:2    | Entered Level 2 of the Orcish Mines
 16680 | Orc:1    | Noticed Fannar
 16685 | Orc:1    | Killed Fannar
 16758 | Orc:1    | Reached skill level 20 in Axes
 16943 | Orc:1    | Found a burning altar of Makhleb.
 17048 | Orc:2    | Found Jayneumo's Jewellery Boutique.
 17202 | Orc:2    | Found a staircase to the Elven Halls.
 17323 | Orc:2    | Reached skill level 15 in Armour
 17710 | Orc:2    | Found Reucvib's Assorted Antiques.
 17710 | Orc:2    | Found Udet's Armour Shop.
 17710 | Orc:2    | Found Jekeham's Assorted Antiques.
 17710 | Orc:2    | Found Edigiex's Distillery.
 17919 | D:5      | Bought a transparent cloak for 209 gold pieces
 17929 | D:5      | Identified the -3 cloak of Irau {+Fly rElec Str+4 Dex+2}
                  | (You bought it in a shop on level 5 of the Dungeon)
 17939 | D:5      | Bought a pair of runed boots for 165 gold pieces
 18161 | D:12     | Received a gift from Trog
 18214 | D:12     | Found a shimmering altar of Xom.
 18295 | D:12     | Reached skill level 1 in Stealth
 18349 | D:12     | Found Joppe's Gadget Emporium.
 18394 | D:12     | Reached XP level 15. HP: 138/138 MP: 14/14
 18645 | D:12     | Noticed Urug
 18653 | D:12     | Killed Urug
 19033 | D:13     | Found a gate to the Vaults.
 19033 | D:13     | Noticed Rupert
 19033 | D:13     | Noticed Nessos
 19034 | D:13     | Noticed Maurice
 19189 | D:12     | Reached skill level 15 in Fighting
 19193 | D:12     | Killed Rupert
 19258 | D:13     | Received a gift from Trog
 19298 | D:13     | Killed Nessos
 19307 | D:13     | Killed Maurice
 19675 | D:13     | Reached skill level 10 in Dodging
 19911 | D:14     | Found a transporter.
 19912 | D:14     | Noticed a tentacled starspawn
 19915 | D:14     | Found a transporter.
 19937 | D:14     | Noticed Jiolyugh's ghost (journeyman GrEE)
 19939 | D:14     | Noticed a profane servitor
 19940 | D:14     | Found a one-way gate to the infinite horrors of the Abyss.
 20506 | D:15     | Entered Level 15 of the Dungeon
 20607 | D:15     | Received a gift from Trog
 21481 | D:15     | Noticed a frost giant
 21489 | D:15     | Killed a frost giant
 21580 | D:15     | Found a staircase to the Depths.
 21667 | D:15     | Upgraded the game from 0.26.0-10-g1f06aea511 to
                  | 0.26.0-11-g8f856b5395
 21833 | Swamp:1  | Entered Level 1 of the Swamp
 21862 | Swamp:1  | HP: 6/211 [acid (7)]
 21867 | Swamp:1  | HP: 4/211 [poisoned by a swamp dragon (poison gas)]
 21872 | Lair:2   | HP: 5/141 [poisoned by a swamp dragon (poison gas)]
 22272 | Swamp:1  | Got a faintly humming cloak
 22283 | Swamp:1  | Identified the cursed +0 cloak of Parlour Games {Harm Str+3
                  | Int+4} (You found it on level 1 of the Swamp)
 22703 | Swamp:1  | Reached XP level 16. HP: 149/149 MP: 15/15
 22843 | Swamp:1  | Found a runed translucent door.
 22846 | Swamp:1  | Identified the +5 spear of the Lame Duck {vorpal, rC+
                  | Stlth+}
 22847 | Swamp:1  | Noticed KCGemini's ghost (journeyman FeBe)
 23334 | Swamp:2  | Identified the Catalogue of Earthen Shape Shifting
 23599 | Swamp:2  | Identified Roxanne's Guide on the Mountains
 23599 | Swamp:2  | Noticed Roxanne
 23610 | Swamp:2  | Killed Roxanne
 23848 | Swamp:2  | Received a gift from Trog
 23855 | Swamp:2  | Identified the cursed +1 lajatang of Piucuul {distort, rF++
                  | Dex+4}
 23860 | Swamp:2  | Found a transporter.
 23864 | Swamp:2  | Noticed Ychix's ghost (journeyman GnSk)
 24149 | Swamp:2  | Reached skill level 5 in Stealth
 24248 | Swamp:2  | Noticed a Hell Sentinel
 24250 | Swamp:2  | Found a transporter.
 24731 | Swamp:3  | HP: 2/152 [eight-headed hydra[a spriggan druid] (8)]
 24731 | Swamp:3  | Slain by an eight-headed hydra

Illustrated notes

Levels and vault maps discovered:
D:1:      dpeg_arrival_stonehenge_8_columns, layout_basic
D:2:      layout_basic, gammafunk_temple_overflow_pools, uniq_jessica
D:3:      minmay_evil_eye, layout_basic
D:4:      layout_cave_pools, serial_shops, shop, shop, shop, shop,
          uniq_blork_the_orc
D:5:      layout_loops_ring, minitemple, serial_shops,
          nicolae_shop_behind_doors, uniq_crazy_yiuf_cottage, uniq_pikel
D:6:      layout_loops_ring, kennysheep_vampire_church,
          nicolae_overflow_crystal_walls, minmay_temple_entry_nine_rooms,
          ebering_ghost_sewer_d, uniq_duvessa
D:7:      layout_cave_pools, serial_shops, shop, serial_glass, glass_columns_b,
          glass_columns_a, uniq_maggie
D:8:      layout_basic, minmay_misc_feat_chi
D:9:      layout_rooms, tso_metal_star, minmay_orc_entry_guard_dogs, uniq_grum
D:10:     layout_long_grid, due_lair_maze_entry_diamond, serial_shops,
          nicolae_shop_overgrown_old_shop, minmay_between
D:11:     layout_loops_ring, grunt_gozag_breadcrumbs
D:12:     minmay_separated_statues, layout_small_grid, serial_shops,
          kennysheep_little_box, tgw_xom, uniq_urug
D:13:     layout_rooms, david_vaults_3, uniq_maurice
D:14:     layout_irregular_city, gammafunk_ghost_abyssal_escape
D:15:     grunt_enter_depths_snipers, layout_cave_pods,
          chequers_serial_rivers_small_b, nicolae_twisting_strands
Lair:1:   layout_cave_pods, uniq_nergalle, uniq_harold
Lair:2:   beast_lair_carwin_large_2, layout_chaotic_city, swamp_mist,
          lemuel_fruit_tree, uniq_gastronok
Lair:3:   layout_chaotic_city, grunt_megastairs_1
Lair:4:   layout_gridlike, guppyfry_snake_entry_garden, minivault_23,
          chequers_serial_rivers_micro_e, infiniplex_staircase_pool
Lair:5:   layout_long_grid, uniq_josephine
Lair:6:   minmay_lair_end_frog_pond, layout_loops_ring,
          minmay_slime_entry_oklob_enclosed, serial_bayou_lagoon_a,
          nzn_masters_of_martial_movement
Swamp:1:  layout_basic_swamp, ebering_ghost_funeral_grove,
          evilmike_swamp_ruin_house_4, infiniplex_staircase_pool_2
Swamp:2:  layout_basic_swamp, gammafunk_ghost_abyssal_escape,
          nicolae_swamp_very_dense_foliage, swamp_pool1,
          nicolae_swamp_snake_nest, uniq_roxanne
Swamp:3:  nzn_winding_woodlands_cross
          [nzn_winding_woodlands_5x15_pathside_ponds,
          nzn_winding_woodlands_5x15_zeroes, nzn_winding_woodlands_5x15_eye,
          nzn_winding_woodlands_5x15_crooked,
          nzn_winding_woodlands_15x15_witchcraft], layout_basic_swamp,
          evilmike_swamp_ruin_house_3, swamp_pool1
Orc:1:    layout_diamond_mine, gammafunk_ghost_necromancy,
          david_defended_altar_orc, uniq_erica, uniq_fannar
Orc:2:    st_orc_ogre_mass, layout_caves, serial_shops, nicolae_shop_crystal

Skill      XL: |  1  2  3  4  5  6  7  8  9 10 11 12 13 14 15 16 |
---------------+-------------------------------------------------+-----
Axes           | 4 5 6 7 10 12 13 15 18 19 20 | 20.0
Armour         | 3 4 5 7 9 11 13 15 | 15.0
Slings         | 1 |  1.2
Fighting       | 4 5 6 9 11 12 13 14 15 16 | 16.5
Evocations     | 1 3 5 6 |  6.0
Dodging        | 3 5 7 12 | 12.9
Stealth        | 2 6 |  6.6

Action                   |  1- 3 |  4- 6 |  7- 9 | 10-12 | 13-15 | 16-18 || total
-------------------------+-------+-------+-------+-------+-------+-------++-------
Melee: Hand axe          |    91 |   109 |       |       |       |       ||   200
       Headbutt          |    15 |    14 |    40 |    91 |   205 |    33 ||   398
       War axe           |       |       |   165 |       |       |       ||   165
       Battleaxe         |       |       |    58 |   440 |   863 |   147 ||  1508
 Fire: Hunting sling     |    10 |       |       |     4 |       |       ||    14
Invok: Berserk           |       |     2 |     2 |    12 |    23 |     3 ||    42
       Trog's Hand       |       |       |       |     3 |     5 |     3 ||    11
       Brothers in Arms  |       |       |       |     1 |       |     1 ||     2
Evoke: Wand              |       |     2 |     1 |     2 |     1 |       ||     6
       Tin of tremorston |       |       |       |     1 |       |       ||     1
  Use: Scroll            |     3 |     2 |    12 |     8 |    19 |     2 ||    46
       Potion            |       |       |       |     1 |     3 |     2 ||     6
 Stab: Sleeping          |       |       |       |       |       |     2 ||     2
       Distracted        |       |       |       |       |       |     1 ||     1
Armor: Animal skin       |     7 |       |       |       |       |       ||     7
       Ring mail         |    16 |    29 |    43 |       |       |       ||    88
       Steam dragon scal |       |       |    21 |    82 |       |       ||   103
       Plate armour      |       |       |       |   147 |   355 |       ||   502
       Swamp dragon scal |       |       |       |       |     1 |    36 ||    37
Dodge: Dodged            |    54 |    68 |   134 |   255 |   357 |   103 ||   971
